 Dungeon Crawl Stone Soup version 0.30.1-3-gfc49f6343a (webtiles) character file.

Game seed: 8976507542608991816

32 Inchmeat the Conjurer (level 3, 0/26 HPs)
             Began as a Draconian Conjurer on July 25, 2023.
             Slain by a gnoll
             ... wielding a +0 halberd
              (7 damage)
             ... on level 2 of the Dungeon.
             The game lasted 00:01:41 (1072 turns).

Inchmeat the Conjurer (Draconian Conjurer)          Turns: 1072, Time: 00:01:41

Health: 0/26       AC:  5    Str:  9    XL:     3   Next: 8%
Magic:  6/6        EV:  9    Int: 20    God:
Gold:   76         SH:  0    Dex:  9    Spells: 5/6 levels left

rFire   . . .        b - +0 dagger
rCold   . . .        (no shield)
rNeg    . . .        (body armour unavailable)
rPois   .            (helmet restricted)
rElec   .            (no cloak)
rCorr   .            (no gloves)
SInv    .            (no boots)
Will    .....        (no amulet)
Stlth   ++           (no ring)
HPRegen 0.24/turn    (no ring)
MPRegen 0.10/turn

%: no passive effects
@: constricted
A: AC +5, unfitting armour, cold-blooded
a: no special abilities


You were on level 2 of the Dungeon.
You visited 1 branch of the dungeon, and saw 2 of its levels.

You collected 76 gold pieces.

Inventory:

Hand Weapons
 b - a +0 dagger (weapon)
Scrolls
 d - 2 scrolls of vulnerability {unknown}
 e - 2 scrolls of identify {unknown}
 g - a scroll of fear {unknown}
 h - a scroll of magic mapping {unknown}
Potions
 a - a potion of magic
 c - a potion of lignification {unknown}
 f - 2 potions of curing {unknown}


   Skills:
 - Level 1.7 Dodging
 - Level 1.7 Stealth
 - Level 2.0 Spellcasting
 * Level 5.0 Conjurations


You had 5 spell levels left.
You knew the following spells:

 Your Spells              Type           Power      Damage    Failure   Level
a - Magic Dart            Conj           88%        1d7       1%          1

Your spell library contained the following spells:

 Spells                   Type           Power      Damage    Failure   Level
 Searing Ray              Conj           44%        2d6       3%          2
 Dazzling Flash           Conj/Hex       24%        N/A       17%         3
 Fulminant Prism          Conj/Hex       6%         3d7       50%         4
 Iskenderun's Mystic Bla  Conj/Tloc      12%        2d5       50%         4


Dungeon Overview and Level Annotations

Branches:
Dungeon (2/15)

Altars:
Makhleb


Innate Abilities, Weirdness & Mutations

Your plain brown scales are hard. (AC +5)
You cannot fit into any form of body armour.
You are cold-blooded and may be slowed by cold attacks.


Message History

The giant cockroach closely misses you. x2
You hit the giant cockroach. You tail-slap the giant cockroach.
You kill the giant cockroach!
No target in view!
No target in view!
No target in view!
You see here a bat skeleton.
Found a stone staircase leading down.
A ball python comes into view.
A ball python is nearby!
A gnoll comes into view. It is wielding a +0 whip.
Found a burning altar of Makhleb.
The gnoll shouts!
Found a stone staircase leading up.
A gnoll comes into view. It is wielding a +0 halberd.
A frilled lizard comes into view.
A gnoll comes into view. It is wielding a +0 halberd.
Found 4 gold pieces.
The frilled lizard hisses angrily.
The ball python hisses angrily.
The gnoll shouts! x2
A gnoll comes into view. It is wielding a +0 club.
The gnoll shouts!
You hit the gnoll.
The gnoll is lightly wounded.
You hear a shout!
The gnoll closely misses you.
You barely miss the gnoll.
The gnoll is lightly wounded.
The ball python misses you. The ball python completely misses you.
The gnoll hits you with a +0 whip.
The gnoll hits you from afar with a +0 halberd!
You hit the gnoll.
The gnoll is lightly wounded.
The ball python barely misses you. The ball python grabs you.
The ball python constricts you.
A hobgoblin comes into view.
The gnoll hits you with a +0 whip!
* * * LOW HITPOINT WARNING * * *
The gnoll hits you from afar with a +0 halberd!
You die... $. .#. .###... ## ..<... #. ..lgg

#.##.g.#
#....g.#
##.g...#
#..@S..#
########
##..._..##
.......#
#>........#
.......#
#.#.....#.#
†......#
#.#####.#
.#
.......####
#.# .# #
..........#
#.# #
..........#
#.# ##
..........#
#.# ..###


You could see 4 gnolls, a hobgoblin, a ball python and a frilled lizard.

Vanquished Creatures
  An adder (D:2)
  A dart slug (D:2)
  4 ball pythons
  3 giant cockroaches (D:2)
  2 goblins
  2 hobgoblins (D:2)
  2 bats
  A frilled lizard (D:1)
  3 kobolds
  A rat (D:2)
20 creatures vanquished.

Notes
Turn   | Place    | Note
-------+----------+-------------------------------------------
     0 | D:1      | Inchmeat the Draconian Conjurer began the quest for the
                  | Orb.
     0 | D:1      | Reached XP level 1. HP: 14/14 MP: 3/3
   623 | D:2      | Reached XP level 2. HP: 20/20 MP: 3/5
   747 | D:2      | Found a faded altar of an unknown god.
   900 | D:2      | Reached skill level 5 in Conjurations
   998 | D:2      | Reached XP level 3. HP: 26/26 MP: 4/6
  1066 | D:2      | Found a burning altar of Makhleb.
  1072 | D:2      | Slain by a gnoll

Illustrated notes

Levels and vault maps discovered:
D:1:      mainiacjoe_arrival_reflecting_pool, layout_rooms, minivault_14
D:2:      layout_basic, basic_altar, nicolae_ecumenical_lake_church,
          minivault_27, minmay_pentomino_s4, uniq_terence

Skill      XL: |  1  2 |
---------------+-------+-----
Conjurations   | 5 |  5.0
Dodging        | |  1.7
Stealth        | |  1.7
Spellcasting   | |  2.0

Action                     || total
---------------------------++-------
  Melee: Dagger            ||    17
         Tailslap          ||     3
   Cast: Magic Dart        ||    32
 Armour: Skin              ||    11
  Dodge: Dodged            ||    24
